[Event "2e tournoi de GMI du Barreau de Paris"]
[Site "Paris, France"]
[Date "2021.06.21"]
[Round "6.5"]
[White "Travadon, Loic"]
[Black "Msellek, Ilyass"]
[Result "1/2-1/2"]
[TimeControl "90+30"]
[WhiteElo "2415"]
[BlackElo "2334"]

1. e4 c5 2. Nf3 Nc6 3. b4 cxb4 4. a3 b3 5. cxb3 Nf6 6. e5 Nd5 7. Bb2 e6 8. Nc3 Nxc3 9. Bxc3 d6 10.
exd6 Qxd6 11. Bc4 Be7 12. O-O O-O 13. b4 a6 14. d4 1/2-1/2

[Event "2e tournoi de GMI du Barreau de Paris"]
[Site "Paris, France"]
[Date "2021.06.21"]
[Round "6.1"]
[White "Fedorchuk, Sergey A."]
[Black "Bellahcene, Bilel"]
[Result "0-1"]
[TimeControl "90+30"]
[WhiteElo "2616"]
[BlackElo "2499"]

1. e4 c5 2. Nf3 e6 3. b3 a6 4. Bd3 Nc6 5. Bb2 d6 6. O-O e5 7. Na3 Nf6 8. Re1 Be7 9. Bf1 O-O 10.
c3 Bg4 11. Nc2 d5 12. exd5 Nxd5 13. h3 Bh5 14. c4 Nf4 15. g4 Bg6 16. Nxe5 Bf6 17. Nxc6 bxc6 18. Bxf6 Qxf6 19. d3 Rad8 20.
Re3 Qg5 21. Ne1 f5 22. Nf3 Qf6 23. g5 Qd6 24. Qe1 Bh5 25. Nh4 Qd4 26. Ng2 Ng6 27. Rc1 f4 28. Re4 Qd7 29. Qa5 Qf5 30.
b4 Bf3 31. Qxc5 Bxe4 32. dxe4 Qxh3 33. Qxc6 Ne5 34. Qe6+ Qxe6 0-1

[Event "2e tournoi de GMI du Barreau de Paris"]
[Site "Paris, France"]
[Date "2021.06.21"]
[Round "6.2"]
[White "Feller, Sebastien"]
[Black "Vlachos, Anatole"]
[Result "1-0"]
[TimeControl "90+30"]
[WhiteElo "2568"]
[BlackElo "2439"]

1. e4 e5 2. Nf3 Nc6 3. Bb5 a6 4. Bxc6 dxc6 5. O-O Bg4 6. h3 h5 7. d3 Qf6 8. Nbd2 Ne7 9. Nc4 Bxf3 10.
Qxf3 Qxf3 11. gxf3 Ng6 12. Rd1 O-O-O 13. Kf1 Bd6 14. Ke2 Nf8 15. a4 Ne6 16. Be3 Rhf8 17. a5 f5 18. c3 g5 19.
Rg1 f4 20. Bc1 Rg8 21. b3 g4 22. hxg4 hxg4 23. Rxg4 Rxg4 24. fxg4 Rh8 25. Nd2 Ng5 26. Nf3 Nxf3 27. Kxf3 Rh3+ 28.
Ke2 Bc5 29. d4 exd4 30. Bxf4 dxc3 31. Be5 Kd7 32. g5 Rh4 33. f3 Rh5 34. f4 Rh3 35. g6 Ke6 36. b4 Re3+ 37. Kf2 Ba7 38.
Kg2 c2 39. Rc1 Re2+ 40. Kf3 Rf2+ 41. Kg3 Rd2 42. Bb2 Bd4 43. Bxd4 Rxd4 44. Kf3 Rc4 45. Ke3 b5 46. axb6 cxb6 47.
Kd3 Rxb4 48. Rxc2 Rb3+ 49. Ke2 c5 50. f5+ Kf6 51. Rd2 Rg3 52. Rd6+ Ke5 53. Re6+ Kf4 54. Re7 c4 55. g7 c3 56.
f6 c2 57. Kd2 Rc3 58. Kc1 1-0

[Event "2e tournoi de GMI du Barreau de Paris"]
[Site "Paris, France"]
[Date "2021.06.21"]
[Round "6.4"]
[White "Kevlishvili, Robby"]
[Black "Milliet, Sophie"]
[Result "1-0"]
[TimeControl "90+30"]
[WhiteElo "2499"]
[BlackElo "2407"]

1. e4 e5 2. Nf3 Nc6 3. Bb5 a6 4. Ba4 Nf6 5. O-O Nxe4 6. d4 b5 7. Bb3 d5 8. dxe5 Be6 9. Nbd2 Nc5 10.
c3 Be7 11. Bc2 d4 12. Nb3 dxc3 13. Nxc5 Bxc5 14. Be4 Qd7 15. Qc2 Bd5 16. Bf5 Be6 17. Bxe6 fxe6 18. Qxc3 Bb6 19. Be3 Bxe3 20.
Rad1 Bd4 21. Nxd4 Ne7 22. Qb3 Nd5 23. Nxe6 c6 24. Nf4 O-O-O 25. Nxd5 cxd5 26. Rfe1 Rhe8 27. Rd4 Kb7 28. f4 Qc6 29.
h4 Qb6 30. Red1 Re6 31. Kh2 Rh6 32. Qg3 Rg6 33. Qf3 Qc6 34. Rxd5 Rxd5 35. Qxd5 Qxd5 36. Rxd5 Kc7 37. f5 Rg4 38.
e6 Rxh4+ 39. Kg3 Re4 40. Rd7+ Kc6 41. Rxg7 Re2 42. e7 Kd7 43. f6 Rxb2 44. Rg8 Re2 45. Rd8+ 1-0

[Event "2e tournoi de GMI du Barreau de Paris"]
[Site "Paris, France"]
[Date "2021.06.21"]
[Round "6.3"]
[White "David, Alberto"]
[Black "Dardha, Daniel"]
[Result "0-1"]
[TimeControl "90+30"]
[WhiteElo "2527"]
[BlackElo "2503"]

1. e4 c5 2. Nf3 Nc6 3. Nc3 e5 4. Bc4 Be7 5. d3 d6 6. Nd2 Bg5 7. h4 Bh6 8. Qh5 g6 9. Qd1 Nf6 10.
Nf1 Bg4 11. f3 Bxc1 12. Qxc1 Be6 13. Qh6 Nd4 14. Ne3 Ng8 15. Qg5 Nf6 16. Qh6 Ng8 17. Qg7 Qf6 18. Qxf6 Nxf6 19. Kd2 Rb8 20.
Ncd5 Nxd5 21. Bxd5 Kd7 22. Raf1 f5 23. f4 Rbf8 24. fxe5 dxe5 25. c3 Nc6 26. Nc4 Bxd5 27. exd5 Ne7 28.
Re1 e4 29. dxe4 fxe4 30. Rxe4 Nxd5 31. Rd1 Re8 32. Rxe8 Kxe8 33. Nd6+ Ke7 34. Nxb7 Rc8 35. Re1+ Kd7 36. Re5 Nb6 37.
Rxc5 Rb8 38. Na5 Na4 39. Rc4 Rxb2+ 40. Ke3 Rxa2 41. Nb3 Nb6 42. Rd4+ Kc6 43. Rg4 Nd5+ 44. Kf3 Ra3 45. Nd4+ Kc5 46.
Ne6+ Kd6 47. Ng5 Rxc3+ 48. Kf2 Rc7 49. Ra4 Re7 50. Kf3 Kc6 51. Ra5 Nb4 52. Ne4 Kb6 53. Rg5 Nc6 54. Nd6 Nd4+ 55.
Kf2 Re2+ 56. Kf1 Rc2 57. h5 gxh5 58. Rxh5 Rc6 59. Rd5 Nc2 60. Ke2 a5 61. Kd2 Nb4 62. Rd4 Rc2+ 63. Kd1 Rxg2 64.
Rh4 Rg7 65. Kc1 Rd7 66. Rh6 Kc5 67. Ne4+ Kc4 68. Kb2 Re7 69. Rh4 Nd3+ 70. Ka3 Nc5 71. Nf6+ Kb5 72. Rxh7 Re3+ 73. Ka2 Rd3 74.
Rh5 Rd4 75. Nd5 a4 76. Nc3+ Kc4 77. Nxa4 Nxa4 78. Rh8 Nc3+ 79. Kb2 Rd2+ 80. Kc1 Rg2 81. Rc8+ Kd3 82. Rd8+ Ke3 83. Re8+ Ne4 84.
Rc8 Nd6 85. Rd8 Nb5 86. Re8+ Kd3 87. Rc8 Rh2 88. Rd8+ Nd4 89. Kb1 Rh6 90. Rg8 Rb6+ 91. Ka2 Ne2 92. Rd8+ Kc2 93. Ka3 Rb5 94.
Rd7 Rb6 95. Rd8 Kc3 96. Rc8 Kd3 97. Ka4 Nd4 98. Ka5 Rb5+ 99. Ka6 Rb3 100. Rc5 Ne6 101. Re5 Nc7+ 102. Ka7 Nb5+ 103. Ka6 Kc4 104.
Rh5 Nc7+ 105. Ka7 Ne6 106. Re5 Nc5 107. Rh5 Rb7+ 108. Ka8 Re7 109. Kb8 Kb5 110. Kc8 Kc6 111. Kb8 Na6+ 112. Ka8 Nc7+ 0-1

[ePGN "0.1;DGT LiveChess/2.2.5"]

[Event "2e tournoi de GMI du Barreau de Paris"]
[Site "Paris, France"]
[Date "2021.06.22"]
[Round "7.3"]
[White "Msellek, Ilyass"]
[Black "Kevlishvili, Robby"]
[Result "0-1"]
[TimeControl "90+30"]
[WhiteElo "2334"]
[BlackElo "2499"]

1. e4 c5 2. Nf3 d6 3. d4 cxd4 4. Nxd4 Nf6 5. Nc3 a6 6. Bg5 e6 7. f4 Nbd7 8. Qf3 Qc7 9. O-O-O b5 10.
e5 Bb7 11. Qh3 dxe5 12. Nxe6 fxe6 13. Qxe6+ Be7 14. Bxb5 axb5 15. Nxb5 Qb6 16. Nd6+ Kd8 17. Bxf6 gxf6 18. Nxb7+ Qxb7 19.
Rxd7+ Qxd7 20. Rd1 Qxd1+ 21. Kxd1 exf4 22. c3 Ke8 23. Qc6+ Kf7 24. Qc4+ Kg7 25. a4 Rhd8+ 26. Kc2 Bd6 27.
Qb5 Be5 28. a5 Ra7 29. h4 Rda8 30. b4 Rc7 31. c4 Rb8 32. Qxb8 Rxc4+ 33. Kd3 Rd4+ 34. Kc3 Rd8+ 35. Qxe5 fxe5 36.
a6 e4 0-1

[Event "2e tournoi de GMI du Barreau de Paris"]
[Site "Paris, France"]
[Date "2021.06.22"]
[Round "7.1"]
[White "Vlachos, Anatole"]
[Black "David, Alberto"]
[Result "1/2-1/2"]
[TimeControl "90+30"]
[WhiteElo "2439"]
[BlackElo "2527"]

1. e4 c6 2. Nc3 d5 3. Nf3 Bg4 4. h3 Bxf3 5. Qxf3 e6 6. d4 dxe4 7. Qxe4 Nf6 8. Qd3 Be7 9. g3 Na6 10.
a3 Qb6 11. Ne2 Rd8 12. Qf3 e5 13. dxe5 Qa5+ 14. Nc3 Nb4 15. axb4 Qxa1 16. Qe3 Nd5 17. Nxd5 Rxd5 18. Bd3 Bxb4+ 19. Ke2 Qa5 20. f4 Bc5 21. Qe4 Qb4 22. Qf3 O-O 23. Rd1 Rfd8 24. h4 Qa4 25. Kf1 Bb6 26. h5 h6 27. Qe2 Qb4 28.
Kg2 a5 29. e6 Qe7 30. exf7+ Kxf7 31. Qg4 Kf8 32. Bd2 Rxd3 1/2-1/2

[Event "2e tournoi de GMI du Barreau de Paris"]
[Site "Paris, France"]
[Date "2021.06.22"]
[Round "7.2"]
[White "Bellahcene, Bilel"]
[Black "Travadon, Loic"]
[Result "0-1"]
[TimeControl "90+30"]
[WhiteElo "2499"]
[BlackElo "2415"]

1. d4 Nf6 2. Nf3 g6 3. c4 Bg7 4. Nc3 d6 5. h3 O-O 6. e4 c5 7. Be3 Na6 8. Be2 cxd4 9. Nxd4 Nc5 10.
Qc2 b6 11. Bf3 Bb7 12. O-O e5 13. Nde2 Ne8 14. Rad1 Ne6 15. Rd2 Ng5 16. Bxg5 Qxg5 17. Nb5 Bc8 18. Kh1 Be6 19. Rfd1 a6 20.
Nxd6 Nxd6 21. Rxd6 Rfc8 22. Rxb6 Bf8 23. Rb3 Qh4 24. Ng3 Rxc4 25. Rc3 Rac8 26. Kh2 Rxc3 27. bxc3 h5 28. Qd2 Bc5 29.
Nh1 a5 30. a4 Qe7 31. Be2 Bb3 32. Ra1 Rd8 33. Qb2 Be6 34. Rd1 Rxd1 35. Bxd1 Qd7 36. Qc2 Bc4 37. h4 Qe7 38. g3 Qe6 39. Kg2 Qa6 40. Qd2 Kg7 41. g4 hxg4 42.
Ng3 Qf6 43. Bxg4 Qxh4 44. Bc8 Qe7 45. Bg4 Bb3 46. Bd1 Be6 47. Qd3 Qh4 48. Qf3 Qf6 49. Qxf6+ Kxf6 50. Nf1 Kg5 51. Kg3 Ba3 52.
Ne3 Bb2 53. Nd5 Bxd5 54. exd5 e4 55. c4 Be5+ 56. Kg2 Bd6 57. f3 exf3+ 58. Kxf3 f5 59. Ke3 Bc5+ 60. Kd3 Kf6 61. d6 Ke6 62.
Bf3 Kxd6 63. Bb7 Ke5 64. Ke2 g5 65. Kf3 Kf6 66. Kg3 g4 67. Kf4 Bd6+ 68. Ke3 f4+ 69. Kd4 f3 70. c5 Bxc5+ 71. Kxc5 Ke5 72. Kc4 Kf4 0-1

[Event "2e tournoi de GMI du Barreau de Paris"]
[Site "Paris, France"]
[Date "2021.06.22"]
[Round "8.5"]
[White "Feller, Sebastien"]
[Black "David, Alberto"]
[Result "1/2-1/2"]
[TimeControl "90+30"]
[WhiteElo "2568"]
[BlackElo "2527"]

1. e4 c5 2. Nf3 e6 3. c3 Nf6 4. Bd3 d5 5. e5 Nfd7 6. Bc2 c4 7. O-O Nc6 8. Re1 g5 9. Ba4 h6 10.
d4 cxd3 1/2-1/2

[Event "2e tournoi de GMI du Barreau de Paris"]
[Site "Paris, France"]
[Date "2021.06.22"]
[Round "8.4"]
[White "Travadon, Loic"]
[Black "Dardha, Daniel"]
[Result "1/2-1/2"]
[TimeControl "90+30"]
[WhiteElo "2415"]
[BlackElo "2503"]

1. d4 d5 2. c4 e6 3. Nc3 c5 4. cxd5 exd5 5. Nf3 Nf6 6. Bf4 Nc6 7. e3 c4 8. Be2 Bb4 9. Nd2 O-O 10.
O-O h6 11. a3 Bxc3 12. bxc3 Bf5 13. h4 Ne4 14. Nxe4 Bxe4 15. h5 b5 16. f3 Bh7 17. Rf2 a5 18. Qd2 Qe7 19. e4 dxe4 20.
a4 b4 21. Bxc4 Rad8 22. fxe4 Qxe4 23. Raf1 bxc3 24. Qxc3 Qxd4 25. Qc1 Ne5 26. Bxe5 Qxe5 27. Bxf7+ Kh8 28. Qf4 Qc5 29. Rc1 Qa3 30.
Rc7 Rd1+ 31. Kh2 Qa1 32. Kg3 Rd4 33. Qc1 Qxa4 34. Bc4 Qb4 35. Rxf8+ Qxf8 36. Be2 a4 37. Bf3 Bg8 38. Rc8 Rd8 39.
Rc6 a3 40. Qc3 Rd6 41. Rc8 Qf5 42. Qxa3 Qe5+ 43. Kh3 Kh7 44. Rc5 Be6+ 45. g4 Qf4 46. Rc2 Rd4 47. Rg2 Bf5 48. Be2 Re4 49.
Qg3 Re3 50. gxf5 Qxf5+ 51. Kh2 Rxg3 52. Rxg3 Qf2+ 53. Rg2 Qh4+ 54. Kg1 g5 55. hxg6+ Kg7 56. Kf1 Qf4+ 57. Ke1 h5 58. Bxh5 Qh4+ 59.
Kf1 Qxh5 60. Kg1 Qf3 61. Kh2 Qf1 62. Rg1 Qf4+ 63. Rg3 Qf2+ 64. Rg2 Qf3 65. Kg1 Qh3 66. Kf2 Qh1 67. Rg1 Qh4+ 68.
Rg3 Qxg3+ 69. Kxg3 Kxg6 1/2-1/2

[Event "2e tournoi de GMI du Barreau de Paris"]
[Site "Paris, France"]
[Date "2021.06.22"]
[Round "8.1"]
[White "Fedorchuk, Sergey A."]
[Black "Vlachos, Anatole"]
[Result "1-0"]
[TimeControl "90+30"]
[WhiteElo "2616"]
[BlackElo "2439"]

1. e4 e5 2. Bc4 Nf6 3. d3 Bc5 4. Nc3 O-O 5. Bg5 c6 6. Nf3 h6 7. Bh4 b5 8. Bb3 d6 9. a4 b4 10.
Ne2 a5 11. O-O Bg4 12. Nd2 g5 13. Bg3 Nh5 14. Kh1 Nxg3+ 15. fxg3 Qd7 16. Nf3 Kg7 17. h3 Bxf3 18. Rxf3 f5 19.
d4 Bb6 20. dxe5 dxe5 21. exf5 e4 22. Rf1 Rd8 23. f6+ Kf8 24. Nf4 gxf4 25. Qh5 Qh7 26. Rxf4 Nd7 27. Raf1 Bd4 28. Rxe4 Bxf6 29.
Rxf6+ Nxf6 30. Qc5+ Kg7 31. Re7+ Kh8 32. Rxh7+ Kxh7 33. Qe7+ Kg6 34. Bf7+ Kf5 35. Qe6+ Kg5 36. Qe5# 1-0

[Event "2e tournoi de GMI du Barreau de Paris"]
[Site "Paris, France"]
[Date "2021.06.22"]
[Round "8.2"]
[White "Milliet, Sophie"]
[Black "Msellek, Ilyass"]
[Result "1-0"]
[TimeControl "90+30"]
[WhiteElo "2407"]
[BlackElo "2334"]

1. d4 Nf6 2. c4 e6 3. Nf3 d5 4. g3 Be7 5. Bg2 O-O 6. O-O c6 7. Qc2 b6 8. Nbd2 c5 9. dxc5 bxc5 10.
b3 Nc6 11. Bb2 Nb4 12. Qb1 h6 13. Ne5 Bb7 14. cxd5 exd5 15. Nd3 a5 16. Nf4 Ra7 17. a3 Nc6 18. Rd1 Ba6 19. Nc4 Rd7 20.
Ne3 Nd4 21. Bxd4 cxd4 22. Nf5 Bc5 23. b4 Rb7 24. Qc2 Ba7 25. Nxd4 Rc7 26. Qa4 Rc4 27. e3 Bb6 28. Nc6 Qe8 29.
Nxd5 Nxd5 30. Bxd5 Rc3 31. b5 Bc8 32. Rac1 Rxc1 33.
Rxc1 Bf5 34. Qf4 Bg6 35. Qd6 Kh7 36. Ne5 Bd8 37. Rc8 Be7 38. Rxe8 Bxd6 39. Rxf8 Bxf8 40. b6 Bxa3 41. b7 Bd6 42.
Nc4 Bc7 43. Nxa5 f6 44. Nc6 Bd3 45. b8=Q Bxb8 46. Nxb8 h5 47. Nc6 g5 48. h4 g4 49. Bf7 Kh6 50. Nd4 1-0

[ePGN "0.1;DGT LiveChess/2.2.5"]

[Event "2e tournoi de GMI du Barreau de Paris"]
[Site "Paris, France"]
[Date "2021.06.23"]
[Round "9.4"]
[White "Bellahcene, Bilel"]
[Black "Milliet, Sophie"]
[Result "1/2-1/2"]
[TimeControl "90+30"]
[WhiteElo "2499"]
[BlackElo "2407"]

1. d4 Nf6 2. c4 e6 3. Nf3 c5 4. d5 d6 5. Nc3 exd5 6. cxd5 g6 7. Nd2 Bg7 8. e4 O-O 9. Be2 Re8 10.
O-O a6 11. a4 Nbd7 12. h3 Rb8 13. Qc2 Qc7 14. Re1 c4 15. a5 b5 16. axb6 Nxb6 17. Na4 Bd7 18. Nxb6 Rxb6 19. Qxc4 Qb8 20.
Rxa6 Rxa6 21. Qxa6 Nxe4 22. Bf3 Bb5 23. Qa5 Nxf2 24. Nf1 Rxe1 25. Qxe1 Nd3 26. Qd1 Bd4+ 27. Be3 Bxe3+ 28. Nxe3 Qb6 29.
Qd2 Nxb2 30. Kh2 Nc4 31.
Nxc4 Bxc4 32. h4 h5 33. Qg5 Qd4 34. Bxh5 Qxd5 35. Qxd5 Bxd5 36. Bd1 f5 37. g4 fxg4 38. Bxg4 Kg7 39.
Kg3 Kf6 40. Kf4 Bg2 41. Bd7 Bd5 42. Bg4 Bf7 43. Bf3 d5 44. Be2 Be6 45. Bf3 Bf7 46. Be2 Be8 47. Bf3 d4 48. Be2 Bd7 49.
Ke4 d3 50. Kxd3 Bb5+ 51. Ke3 Bxe2 52. Kxe2 Kf5 53. Kf3 g5 54. hxg5 Kxg5 1/2-1/2

[Event "2e tournoi de GMI du Barreau de Paris"]
[Site "Paris, France"]
[Date "2021.06.23"]
[Round "9.5"]
[White "Dardha, Daniel"]
[Black "Kevlishvili, Robby"]
[Result "1/2-1/2"]
[TimeControl "90+30"]
[WhiteElo "2503"]
[BlackElo "2499"]

1. Nf3 Nf6 2. g3 g6 3. b3 Bg7 4. Bb2 O-O 5. Bg2 c5 6. O-O Nc6 7. c4 d6 8. Nc3 Bd7 9. d4 cxd4 10.
Nxd4 Rc8 1/2-1/2

[Event "2e tournoi de GMI du Barreau de Paris"]
[Site "Paris, France"]
[Date "2021.06.23"]
[Round "9.2"]
[White "Msellek, Ilyass"]
[Black "Feller, Sebastien"]
[Result "1/2-1/2"]
[TimeControl "90+30"]
[WhiteElo "2334"]
[BlackElo "2568"]

1. e4 c5 2. Nf3 e6 3. d4 cxd4 4. Nxd4 Nc6 5. Nc3 Qc7 6. Qd3 Nf6 7. Ndb5 Qb8 8. Qg3 d6 9. Be3 a6 10.
Nd4 Bd7 11. O-O-O b5 12. Bd3 Ne5 13. f4 Nxd3+ 14. cxd3 b4 15. Nce2 h5 16. Kb1 h4 17. Qf3 Qb7 18. Rc1 Rh5 19.
g4 hxg3 20. hxg3 Rxh1 21. Rxh1 O-O-O 22. Rc1+ Kb8 23. Bg1 Rc8 24. Rxc8+ Bxc8 25. Nb3 Qc7 26. Qe3 a5 27. Qb6+ Qxb6 28. Bxb6 Ba6 29. Kc2 a4 30. Nbd4 Kb7 31.
Ba5 d5 32. e5 Ng4 33. Kd2 g5 34. Nc2 gxf4 35. gxf4 Bh6 36. Nxb4 Nxe5 37. Nxa6 Kxa6 38. Bc7 Nc6 39. Kc3 Bg7+ 40.
d4 Kb5 41. Bd6 Bf6 42. Kd3 Nb4+ 43. Bxb4 Kxb4 44. f5 e5 45. dxe5 Bxe5 46. Nd4 Bf6 47. Nc2+ Kc5 48. b3 axb3 49.
axb3 Kd6 50. b4 Bd8 51. Nd4 Bb6 52. Nb5+ Ke5 53. Nc3 f6 54. Na4 Bf2 55. Nc3 Be1 56. b5 Bf2 57. Nd1 Bg1 58.
Ne3 Kd6 59. Ng4 Ke7 60. Ne3 Kd6 61. Ng4 Ke7 62. Ke4 1/2-1/2

[Event "2e tournoi de GMI du Barreau de Paris"]
[Site "Paris, France"]
[Date "2021.06.23"]
[Round "9.1"]
[White "David, Alberto"]
[Black "Fedorchuk, Sergey A."]
[Result "1/2-1/2"]
[TimeControl "90+30"]
[WhiteElo "2527"]
[BlackElo "2616"]

1. Nf3 Nf6 2. c4 b6 3. g3 c5 4. Bg2 Bb7 5. O-O g6 6. d4 cxd4 7. Qxd4 Bg7 8. Nc3 d6 9. b3 Nbd7 10.
Bb2 O-O 11. Qd2 Rc8 12. Rad1 Rc5 13. Ne1 Bxg2 14. Nxg2 a6 15. a4 Rc8 16. Ne3 Re8 17. Ncd5 Nxd5 18. Nxd5 Bxb2 19. Qxb2 b5 20.
axb5 1/2-1/2